 Dungeon Crawl Stone Soup version 0.30.0-16-gbe6223bb7e (webtiles) character file.

Game seed: 11000887902917344198

121 freelancePsychic the Sneak (level 4, -5/35 HPs)
             Began as a Demonspawn Brigand on May 20, 2023.
             Killed from afar by Natasha (9 damage)
             ... with a magic dart
             ... on level 2 of the Dungeon.
             The game lasted 00:02:11 (1766 turns).

freelancePsychic the Sneak (Demonspawn Brigand)     Turns: 1766, Time: 00:02:12

Health: -5/35      AC:  4    Str: 12    XL:     4   Next: 76%
Magic:  4/4        EV: 11    Int: 12    God:
Gold:   95         SH:  0    Dex: 16    Spells: 3/3 levels left

rFire   . . .        a - +2 dagger
rCold   . . .        (no shield)
rNeg    . . .        b - +0 robe
rPois   .            o - +0 helmet
rElec   .            c - +0 cloak
rCorr   .            (no gloves)
SInv    .            (no boots)
Will    .....        (no amulet)
Stlth   +++          (no ring)
HPRegen 0.25/turn    (no ring)
MPRegen 0.09/turn

%: no passive effects
@: no status effects
A: powered by pain 1, demonic touch 1
a: no special abilities


You were on level 2 of the Dungeon.
You visited 1 branch of the dungeon, and saw 2 of its levels.

You collected 95 gold pieces.

Inventory:

Hand Weapons
 a - a +2 dagger (weapon)
 j - a +0 rapier
Missiles
 d - 9 poisoned darts (quivered)
 e - 3 curare-tipped darts
Armour
 b - a +0 robe (worn)
 c - a +0 cloak (worn)
 o - a +0 helmet (worn)
Scrolls
 g - a scroll of fear {unknown}
 h - a scroll of butterflies {unknown}
 l - a scroll of immolation {unknown}
 m - a scroll of enchant armour {unknown}
 n - a scroll of poison {unknown}
 p - a scroll of noise {unknown}
 s - a scroll of blinking {unknown}
Potions
 f - 3 potions of might {unknown}
 i - a potion of curing {@q1}
 k - a potion of degeneration {unknown}
 q - a potion of lignification {unknown}
 r - 2 potions of invisibility {unknown}


   Skills:
 + Level 3.3 Fighting
 + Level 3.0 Short Blades
 - Level 1.7 Throwing
 - Level 0.8 Dodging
 + Level 4.5 Stealth


You had 3 spell levels left.
You didn't know any spells.
Your spell library was empty.

Dungeon Overview and Level Annotations

Branches:
Dungeon (2/15)

Altars:

Annotations:
D:2 Natasha


Innate Abilities, Weirdness & Mutations

You sometimes gain a little power by taking damage.
Your touch may inflict minor irresistible damage on your foes.


Message History

You hit the endoplasm.
You touch the endoplasm.
You kill the endoplasm!
The adder bites you. The cerulean imp completely misses you.
You closely miss the adder. The adder barely misses you.
The cerulean imp closely misses you.
You miss the adder. The adder bites you.
You are poisoned.
The adder poisons you!
You hit the adder.
You touch the adder.
You kill the adder!
You feel sick.
The cerulean imp hits you from afar with a +2 spear.
Natasha mumbles some strange words.
The cerulean imp shouts!
Your Short Blades skill increases to level 3!
You feel better.
The cerulean imp hits you from afar with a +2 spear.
The cerulean imp hits you with a +2 spear.
The cerulean imp barely misses you.
The cerulean imp hits you from afar with a +2 spear.
The cerulean imp disappears in a puff of smoke!
The cerulean imp hits you from afar with a +2 spear.
* * * LOW HITPOINT WARNING * * *
The cerulean imp disappears in a puff of smoke!
Natasha casts a spell.
The cerulean imp hits you but does no damage.
The cerulean imp barely misses you.
The cerulean imp disappears in a puff of smoke!
Natasha attacks as you move away! Natasha claws you but does no damage.
Natasha howls an incantation.
You feel disoriented.
Natasha stares at you and mumbles some strange words.
The magic dart hits you!
* * * LOW HITPOINT WARNING * * *
The cerulean imp misses you. Natasha attacks as you move away!
Natasha claws you.
* * * LOW HITPOINT WARNING * * *
Natasha casts a spell at you. The magic dart hits you!
You die...

#############
#...........#
#######...........#
#.................#
#..................
#.................#
#...5.............#
#...h.............#
#.@...............#
#.................#
#.......###########
#...^.(..# #<....
#......#.### #.....
#......#...# #.....
##.#######.###...).
#.# #......... #.#
####......


You could see Natasha and a cerulean imp (summoned).

Vanquished Creatures
  Terence (D:2)
  Natasha (D:2)
  3 adders (D:2)
  A dart slug (D:1)
  2 ball pythons
  6 endoplasms
  3 giant cockroaches
  5 hobgoblins
  3 jackals (D:2)
  4 kobolds
  3 quokkas
  2 bats
  3 frilled lizards
  2 goblins (D:1)
  3 rats
42 creatures vanquished.

Notes
Turn   | Place    | Note
-------+----------+-------------------------------------------
     0 | D:1      | freelancePsychic the Demonspawn Brigand began the quest for
                  | the Orb.
     0 | D:1      | Reached XP level 1. HP: 16/16 MP: 1/1
   199 | D:1      | You fall into a shaft and drop 1 floor!
   208 | D:2      | Gained mutation: You sometimes gain a little power by
                  | taking damage. [demonic ancestry]
   208 | D:2      | Reached XP level 2. HP: 22/22 MP: 2/2
   335 | D:2      | Noticed Natasha
   429 | D:1      | Reached skill level 4 in Stealth
   635 | D:1      | Reached XP level 3. HP: 28/28 MP: 3/3
  1186 | D:2      | Killed Natasha
  1329 | D:2      | Noticed Terence
  1338 | D:2      | Killed Terence
  1339 | D:2      | Gained mutation: Your touch may inflict minor irresistible
                  | damage on your foes. [demonic ancestry]
  1339 | D:2      | Reached XP level 4. HP: 21/35 MP: 4/4
  1708 | D:2      | Found a faded altar of an unknown god.
  1714 | D:2      | Noticed Natasha
  1766 | D:2      | Killed from afar by Natasha

Illustrated notes

Levels and vault maps discovered:
D:1:      minmay_arrival_wavy_path, layout_loops_corners,
          minmay_misc_feat_diagonals, minmay_tiny_reverse_x
D:2:      layout_basic, shapermc_ecumenical_altar_mp_ritualfount, uniq_terence,
          uniq_natasha

Skill      XL: |  1  2  3  4 |
---------------+-------------+-----
Short Blades   | 2 3 |  3.0
Stealth        | 4 |  4.5
Fighting       | 3 |  3.3
Throwing       | |  1.7
Dodging        | |  0.8

Action                     |  1- 3 |  4- 6 || total
---------------------------+-------+-------++-------
  Melee: Dagger            |    74 |    41 ||   115
         Punch             |     1 |       ||     1
         Touch             |       |     4 ||     4
  Throw: Dart              |     7 |       ||     7
    Use: Potion            |     2 |     2 ||     4
   Stab: Sleeping          |     9 |     1 ||    10
         Distracted        |     1 |     1 ||     2
 Armour: Robe              |    11 |    19 ||    30
  Dodge: Dodged            |    29 |    41 ||    70
